 Dungeon Crawl Stone Soup version 0.16.1-4-g8e1b745 (webtiles) character file.

88 Tolias the Cudgeler (level 4, 0/42 HPs)
             Began as an Ogre Summoner on Mar 26, 2015.
             Succumbed to a worker ant's poison
             ... on level 4 of the Dungeon.
             The game lasted 00:06:42 (3493 turns).

Tolias the Cudgeler (Ogre Summoner)                 Turns: 3493, Time: 00:06:42

Health: 0/42       AC:  3    Str: 13    XL:     4   Next: 53%
Magic:  7/8        EV: 10    Int: 14    God:
Gold:   75         SH:  0    Dex: 11    Spells: 1 memorised, 6 levels left

rFire  . . .     SeeInvis .     a - +0 club
rCold  . . .     Clarity  .     i - +0 robe
rNeg   . . .     SustAb   .     (shield restricted)
rPois  .         Gourm    .     (helmet restricted)
rElec  .         Spirit   .     (no cloak)
rCorr  .         Warding  .     (gloves unavailable)
rMut   .         Stasis   .     (boots unavailable)
MR     .....                    (no amulet)
Stlth  +.........               (no ring)
                                (no ring)

@: lethally poisoned (0 -> -11), not resistant to hostile enchantments, very
unstealthy
A: unfitting armour, tough skin 1
a: no special abilities


You were on level 4 of the Dungeon.
You were not hungry.

You visited 1 branch of the dungeon, and saw 4 of its levels.

You collected 75 gold pieces.

Inventory:

Hand weapons
 a - a +0 club (weapon)
Missiles
 h - 28 stones (quivered)
 k - 14 silver sling bullets
 p - 10 sling bullets of flame
Armour
 i - a +0 robe (worn)
Magical devices
 g - a wand of draining (7)
Scrolls
 e - a scroll of identify
 f - a scroll of immolation {unknown}
 j - 2 scrolls of teleportation
 n - a scroll of fog {unknown}
 o - a scroll of recharging {unknown}
 q - 2 scrolls of noise {unknown}
 u - 2 scrolls of remove curse {unknown}
Potions
 d - a potion of restore abilities
 m - a potion of cure mutation
Books
 b - a book of Callings

   Spells                             Type                      Level
   a - Summon Small Mammal            Summoning                    1
   b - Call Imp                       Summoning                    2
   c - Call Canine Familiar           Summoning                    3
   d - Summon Guardian Golem          Hexes/Summoning              4
   e - Summon Lightning Spire         Summoning/Air                4
   f - Summon Ice Beast               Ice/Summoning                4
Comestibles
 c - 3 meat rations
 l - 3 beef jerkies
 t - a bread ration


   Skills:
 - Level 2.0 Fighting
 + Level 4.7 Maces & Flails
 - Level 1.7 Dodging
 - Level 1.5 Stealth
 - Level 2.4 Spellcasting
 - Level 2.9 Summonings


You had 6 spell levels left.
You knew the following spells:

 Your Spells              Type           Power        Failure   Level  Hunger
e - Summon Small Mammal   Summ           ##..         10%         1    #......


Dungeon Overview and Level Annotations

Branches:
Dungeon (4/15)
 Temple: D:4-7

Altars:
Ashenzari

Annotations:
D:3 Grinder, Sigmund


Innate Abilities, Weirdness & Mutations

You are too large for most types of armour.
You have tough skin (AC +1).


Message History

As you read the scroll labeled MNIYFU CURUMOL, it crumbles to dust.
You feel strangely unstable.
It was a scroll of teleportation.
* * * LOW HITPOINT WARNING * * *
You feel sick.
Unknown command.
Unknown command.
* * * LOW HITPOINT WARNING * * *
You feel sick.
Your surroundings suddenly seem different.
* * * LOW HITPOINT WARNING * * *
You feel sick.
Found a stone staircase leading down.
There is a lethal amount of poison in your body!
There is a lethal amount of poison in your body!
There is a lethal amount of poison in your body!
* * * LOW HITPOINT WARNING * * *
You feel sick.
* * * LOW HITPOINT WARNING * * *
You feel sick.
You die...

..# ........#
.......## ...
...........
...........##
#............#
#........>..##
#............#
#.............#
#.....@........
.................
##.............
#.............
###..........#
##.......##
##.....## ###.###
.


There were no monsters in sight!

Vanquished Creatures
  An adder (D:3)
  A giant mite (D:2)
  2 worms
  A giant gecko (D:3)
  An ooze (D:3)
  3 bats (D:3)
  A giant cockroach (D:2)
  2 hobgoblins
  A ball python (D:3)
  2 giant newts (D:2)
  2 goblins
  5 rats
22 creatures vanquished.

Vanquished Creatures (collateral kills)
  A worker ant (D:4)
  Jessica (D:3)
  An adder (D:2)
  2 goblins
  3 hobgoblins
  2 ball pythons
  A giant gecko (D:1)
  4 giant newts
  A kobold (D:1)
  2 rats
18 creatures vanquished.

Vanquished Creatures (others)
  16 bats
  A quokka (D:2)
  12 rats
29 creatures vanquished.

Grand Total: 69 creatures vanquished

Notes
Turn   | Place    | Note
--------------------------------------------------------------
     0 | D:1      | Tolias, the Ogre Summoner, began the quest for the Orb.
     0 | D:1      | Reached XP level 1. HP: 16/16 MP: 3/3
   169 | D:1      | Reached skill level 1 in Fighting
   358 | D:1      | Reached XP level 2. HP: 26/28 MP: 3/5
   870 | D:2      | Reached skill level 1 in Maces & Flails
   902 | D:2      | Found a shattered altar of Ashenzari.
  1648 | D:2      | Reached XP level 3. HP: 33/35 MP: 6/6
  1975 | D:2      | Reached skill level 3 in Maces & Flails
  2148 | D:3      | Noticed Jessica
  2223 | D:3      | Killed Jessica
  2715 | D:3      | Reached skill level 4 in Maces & Flails
  2715 | D:3      | Reached XP level 4. HP: 42/42 MP: 8/8
  2735 | D:3      | Noticed Sigmund
  3203 | D:3      | Noticed Grinder
  3491 | D:4      | HP: 2/42 [poisoned by a worker ant]
  3493 | D:4      | Succumbed to a worker ant's poison

Action                   |  1- 3 |  4- 6 || total
-------------------------+-------+-------++-------
Melee: Unarmed           |    14 |       ||    14
       Club              |    83 |    41 ||   124
Throw: Stone             |     2 |       ||     2
 Cast: Summon Small Mamm |    55 |    15 ||    70
  Use: Scroll            |     4 |     1 ||     5
       Potion            |       |     2 ||     2
 Stab: Sleeping          |     1 |       ||     1
       Distracted        |     2 |       ||     2
  Eat: Chunk             |     4 |       ||     4
       Meat ration       |     1 |       ||     1
